Engelson, chaotic male elven Ranger --------- ----------- |.......| #..........+############# +.......| #|)%.^.....|######################## |.......| #|.......>..# ###--------.---- |.......| #---------+-# .`.........`.#######%####-.....<.| ### |.....`.....| # --.------ # #-...-.---...| ### #### # ###|...|.{.|...| # # # #+..`|{.{|`... ### ## # ###|...|.{.|...| # --|-- ------# ----+---- ##%@d#....-----...| ##..^.| |....|# .........###### |.....`.....| |...| |.....# |.......|##` |`.........`| |...| |....| #.........# ------------- |...| |..^..########--------- ----- |....| ------ Engelson the Trailblazer Experience level: 6 Strength: 15 Dexterity: 14 Constitution: 15 Intelligence: 13 Wisdom: 11 Charisma: 7 Health: 0(44) Energy: 33(33) Def: 5 Gold: 153 Moves: 3155 Dungeon seed: Js3rXyL_xNHxojR8 Game ID: Engelson_1430160106 Your Inventory: Coins $ - 153 gold pieces Weapons a - the +1 Sting (weapon in hand) b - a +2 elven bow (alternate weapon; not wielded) c - 52 +2 elven arrows (in quiver) d - 38 +0 elven arrows j - 11 +0 ya l - a +0 orcish dagger N - a +2 elven arrow Armor e - an uncursed +2 elven cloak (being worn) n - an uncursed +0 orcish helm (being worn) q - an uncursed +0 pair of low boots (being worn) Comestibles f - 4 uncursed lembas wafers B - an uncursed lichen corpse Scrolls i - a blessed scroll of stinking cloud named 113 m - an uncursed scroll of food detection named 38 O - an uncursed scroll of identify Q - a blessed scroll of identify R - an uncursed scroll of identify Potions k - an uncursed potion of levitation p - an uncursed potion of booze v - an uncursed potion of object detection x - a blessed potion of gain energy A - a blessed potion of oil C - an uncursed potion of extra healing Tools o - an uncursed tin whistle t - an uncursed leash u - an uncursed lock pick w - an uncursed tin whistle Y - an uncursed blindfold Spells known in the end: Name Level Category Fail Memory Your skills at the end: Fighting Skills Weapon Skills dagger [Basic] bow [Basic] Spellcasting Skills Final Attributes: You were piously aligned. You were sleep resistant. You were telepathic. You were aware of the presence of orcs. You had automatic searching. You had infravision. You were stealthy. You are dead. Vanquished creatures: a small mimic a rock mole a red naga hatchling a ghoul 2 little dogs 2 floating eyes a dwarf zombie 2 iguanas 6 killer bees an acid blob a gas spore 2 hobbits a large kobold a giant rat a gnome zombie 3 geckos 7 jackals a fox a kobold 4 goblins 5 sewer rats 3 grid bugs 4 bats a lichen 3 kobold zombies 3 newts 59 creatures vanquished. Voluntary challenges: You were an atheist. You used a wielded weapon 47 times, starting on turn 136. You read items or engraved 1 time, starting on turn 1598. You never genocided any monsters. You never polymorphed an object. You never changed form. You used no wishes. You never split a pudding. You never wrote Elbereth's name. You never violated your personal moral code. Dungeon overview: The Dungeons of Doom: levels 1 to 6 Level 1 a fountain a long staircase Level 2 stairs to The Gnomish Mines Level 3 a general store Level 4 a scroll shop, some fountains Level 5 a general store, a fountain Level 6 <- You were here many fountains The Gnomish Mines: Level 3 stairs to The Dungeons of Doom History has recorded: On T:1 you entered the Dungeons of Doom to retrieve the Amulet of Yendor! On T:437 you reached level 2 of The Dungeons of Doom. On T:552 you reached level 5 of The Dungeons of Doom. On T:580 you advanced to experience level 2. On T:634 you reached level 4 of The Dungeons of Doom. On T:844 you advanced to experience level 3. On T:899 you reached level 3 of The Dungeons of Doom. On T:1391 you reached level 1 of The Gnomish Mines. On T:1807 you advanced to experience level 4. On T:2372 you reached level 6 of The Dungeons of Doom. On T:2453 you advanced to experience level 5. On T:2870 you advanced to experience level 6. Score breakdown: Gold: 153 ( 7441 points) Experience: 6 levels (12456 points) Exploration: 6 levels ( 11.32%) ( 9302 points) Discoveries: 4 items ( 1.37%) ( 3517 points) Valuables value: (no points given unless you survive) Artifact value: 800 ( 9877 points) Variety of kills: 26 monsters ( 6.86%) ( 7857 points) Time penalty: 3155 turns ( -674 points) Survival: died (score multiplied by 80%) Total score: 39820 Latest messages: You hit the dog. The dog bites! You die... Final status: Goodbye Engelson the Ranger, killed by a dog... You died in The Dungeons of Doom on dungeon level 6 with 39820 points, and 153 pieces of gold, after 3155 moves. You were level 6 with a maximum of 44 hit points when you died.